 Dungeon Crawl Stone Soup version 0.23.2-40-g277498a (webtiles) character file.

Game seed: 3258180373442888503

69 Fang the Skirmisher (level 4, 0/29 HPs)
             Began as a Gargoyle Berserker on Sept 4, 2019.
             Was a Believer of Trog.
             Slain by a frilled lizard (1 damage)
             ... on level 2 of the Dungeon.
             The game lasted 00:01:36 (1197 turns).

Fang the Skirmisher (Gargoyle Berserker)            Turns: 1197, Time: 00:01:36

Health: 0/29       AC:  2    Str: 21    XL:     4   Next: 20%
Magic:  4/4        EV: 12    Int:  8    God:    Trog [**....]
Gold:   94         SH:  0    Dex:  9    Spells: 3/3 levels left

rFire    . . .     SeeInvis .   a - +0 war axe
rCold    . . .     Gourm    .   (no shield)
rNeg     + . .     Faith    .   b - +0 animal skin
rPois    ∞         Spirit   .   (no helmet)
rElec    +         Reflect  .   (no cloak)
rCorr    .         Harm     .   (no gloves)
MR       .....                  (no boots)
Stlth    +.........             (no amulet)
HPRegen  0.09/turn              d - -3 ring of protection (curse)
MPRegen  0.09/turn              (no ring)

@: berserk cooldown, slowed, very slow
A: negative energy resistance 1, electricity resistance, unbreathing,
petrification resistance, rot immunity, AC +3
a: Berserk, Trog's Hand, Renounce Religion


You were on level 2 of the Dungeon.
You worshipped Trog.
Trog was pleased with you.
You were very hungry.

You visited 1 branch of the dungeon, and saw 2 of its levels.

You collected 94 gold pieces.

Inventory:

Hand Weapons
 a - a +0 war axe (weapon)
Armour
 b - a +0 animal skin (worn)
Jewellery
 d - a cursed -3 ring of protection (left hand)
Scrolls
 e - a scroll of immolation {unknown}
 f - a scroll of identify {unknown}
 g - a scroll of enchant weapon {unknown}
 h - 2 scrolls of enchant armour {unknown}
Potions
 j - a potion of flight {unknown}
Comestibles
 c - 5 rations
 i - 6 chunks of flesh


   Skills:
 + Level 3.9 Fighting
 + Level 3.1 Axes
 + Level 3.0 Armour
 + Level 2.2 Dodging


You had 3 spell levels left.
You didn't know any spells.
Your spell library was empty.

Dungeon Overview and Level Annotations

Branches:
Dungeon (2/15)

Altars:
Elyvilon
Gozag
Sif Muna
Uskayaw
Xom


Innate Abilities, Weirdness & Mutations

You are resistant to torment.
Your stone body is resilient. (AC +3)
You are immune to poison.
You resist negative energy. (rN+)
You are resistant to electric shocks. (rElec)
You can survive without breathing.
You are immune to petrification.
You are immune to rotting.


Message History

Some of the chunks of flesh in your inventory have rotted away.
You hit the frilled lizard but do no damage.
The frilled lizard barely misses you. The frilled lizard bites you.
* * * LOW HITPOINT WARNING * * *
You barely miss the frilled lizard. The frilled lizard bites you.
* * * LOW HITPOINT WARNING * * *
The frilled lizard barely misses you.
You barely miss the frilled lizard. The frilled lizard misses you.
The frilled lizard barely misses you.
You closely miss the frilled lizard. The frilled lizard bites you.
* * * LOW HITPOINT WARNING * * *
The frilled lizard barely misses you.
You closely miss the frilled lizard. The frilled lizard closely misses you.
The frilled lizard bites you.
* * * LOW HITPOINT WARNING * * *
You closely miss the frilled lizard. The frilled lizard closely misses you.
The frilled lizard bites you.
* * * LOW HITPOINT WARNING * * *
You completely miss the frilled lizard. The frilled lizard bites you.
You die...

..........## #..# #.#
...........# ##.###)#
...........### #..##.#
.............#######.##.#
...........#..........#.#
......>....###.#####..#.#
..............##%..##.#.#
.........####.#$..$.#...#
..##....##).###.@($!#..##
#####.#.#....##.l!.%#..#
.<#.#....'#)(..##..#
.##.##..##.#####...# ###.
#..#)###)#.......# #...
#..)..##.##.####.## #.##
##.##.#...+.## #..# ##.#
#.##.##.##..# ##.#
#..#####.#...###...# #.#


You could see a frilled lizard.

Vanquished Creatures
  An adder (D:2)
  An ooze (D:2)
  A worm (D:2)
  4 dart slugs (D:1)
  A ball python (D:2)
  3 giant cockroaches (D:2)
  9 hobgoblins
  6 kobolds
  A bat (D:2)
  A frilled lizard (D:2)
  8 goblins
  7 rats
43 creatures vanquished.

Notes
Turn   | Place    | Note
-------+----------+-------------------------------------------
     0 | D:1      | Fang the Gargoyle Berserker began the quest for the Orb.
     0 | D:1      | Reached XP level 1. HP: 14/14 MP: 1/1
   103 | D:1      | Reached XP level 2. HP: 17/19 MP: 2/2
   293 | D:1      | Found an opulent altar of Gozag.
   297 | D:1      | Found an ancient bone altar of Kikubaaqudgha.
   297 | D:1      | Found a white marble altar of Elyvilon.
   299 | D:1      | Reached XP level 3. HP: 16/23 MP: 3/3
   302 | D:1      | Found an opulent altar of Gozag.
   302 | D:1      | Found a shimmering altar of Xom.
   302 | D:1      | Found a hide-covered altar of Uskayaw.
   807 | D:2      | Found an opulent altar of Gozag.
   847 | D:2      | Reached ** piety under Trog
  1112 | D:2      | Found a deep blue altar of Sif Muna.
  1172 | D:2      | Reached XP level 4. HP: 22/29 MP: 4/4
  1196 | D:2      | HP: 1/29 [frilled lizard (2)]
  1197 | D:2      | Slain by a frilled lizard

Skill      XL: |  1  2  3 |
---------------+----------+-----
Dodging        | 2 |  2.2
Axes           | 3 |  3.1
Armour         | 3 |  3.0
Fighting       | |  3.9

Action                   |  1- 3 |  4- 6 || total
-------------------------+-------+-------++-------
Melee: Hand axe          |    81 |       ||    81
       War axe           |    22 |    22 ||    44
Invok: Berserk           |     1 |       ||     1
  Eat: Chunk             |     1 |       ||     1
Armor: Animal skin       |    15 |     4 ||    19
Dodge: Dodged            |    61 |    16 ||    77
